Map: [ESL] Oceanborn

Players

HeroMarine - Winner!

  • Race: Terran Terran
  • Spawn Location: 5:00

Lambo

  • Race: Zerg Zerg
  • Spawn Location: 11:00

Event: ESL SC2 Masters 2024 Spring (Regional)

VOD

Have the link to the VOD?

Description

Time

  • Played on: April 25, 2024, noon
  • Length: 25:05

All games in this series

Show
View Real Time Build Order
Export as new Build Order

HeroMarine Terran - Winner!

Build Orders: 2 Factory, Hellion Opening, Reaper Expand 

Get SALT Encoding   

  12  0:00  SCV  
  13  0:12  SCV  
  14  0:16  Supply Depot  
  14  0:24  SCV  
  15  0:38  SCV  
  15  0:39  Barracks  
  16  0:43  Refinery  
  16  0:50  SCV  
  17  1:02  SCV  
  18  1:14  SCV  
  19  1:27  Reaper, Orbital Command  
  20  1:39  Command Center  
  20  1:47  Supply Depot  
  20  1:52  SCV  
  21  1:58  Marine  
  22  2:04  SCV  
  23  2:09  Factory  
  23  2:16  SCV  
  23  2:21  Barracks Reactor  
  24  2:28  SCV  
  25  2:35  Command Center  
  25  2:40  SCV  
  26  2:50  Orbital Command  
  26  2:52  SCV  
  26  2:58  Factory  
  27  3:05  SCV  
  28  3:06  Hellion x2  
  32  3:16  SCV  
  32  3:17  SCV  
  32  3:18  Refinery  
  35  3:20  Barracks Tech Lab  
  34  3:27  Hellion  
  34  3:28  SCV, Hellion  
  34  3:29  SCV  
  40  3:40  SCV  
  41  3:43  SCV  
  41  3:45  Marine  
  43  3:49  Orbital Command, Infernal Pre-Igniter  
  43  3:53  Hellion  
  43  3:54  Hellion x2  
  43  3:55  SCV  
  50  3:57  SCV  
  51  4:06  Supply Depot  
  51  4:07  SCV  
  53  4:10  SCV  
  53  4:12  Barracks Tech Lab  
  53  4:15  Hellion  
  53  4:16  Hellion x2  
  59  4:18  SCV  
  59  4:19  SCV  
  61  4:27  SCV  
  58  4:31  SCV  
  58  4:34  SCV  
  55  4:39  SCV  
  55  4:42  Stimpack, Siege Tank, Barracks  
  55  4:44  SCV, Factory Reactor, Barracks  
  60  4:46  SCV  
  60  4:47  Supply Depot, Marine  
  60  4:51  SCV  
  60  4:52  Refinery  
  63  4:54  Refinery  
  63  4:57  SCV  
  63  4:58  SCV  
  65  5:04  SCV, Engineering Bay x2, Orbital Command  
  65  5:06  Marine  
  67  5:10  SCV, Supply Depot  
  68  5:16  SCV  
  68  5:17  Siege Tank  
  72  5:22  SCV  
  72  5:24  Marine  
  72  5:28  SCV  
  75  5:30  Factory Reactor  
  75  5:32  Starport  
  75  5:34  SCV  
  76  5:35  Barracks  
  76  5:37  SCV  
  76  5:38  Barracks  
  76  5:40  SCV  
  76  5:42  Supply Depot  
  78  5:44  Terran Infantry Weapons Level 1, Terran Infantry Armor Level 1, Marine x2  
  78  5:45  Marine  
  78  5:46  SCV, Marine  
  78  5:48  Marine  
  84  5:50  SCV  
  84  5:54  SCV  
  74  5:58  SCV  
  74  6:02  SCV, Siege Tank, Marine x2  
  81  6:06  SCV  
  81  6:08  Refinery x2  
  81  6:10  SCV  
  83  6:14  SCV  
  83  6:15  Factory Tech Lab  
  83  6:17  Medivac x2  
  83  6:18  Supply Depot x2, Marine x2  
  90  6:19  Marine  
  90  6:20  SCV  
  90  6:23  SCV  
  90  6:24  Barracks Reactor  
  90  6:25  Barracks Reactor  
  93  6:32  Combat Shield  
  93  6:39  SCV x3, Marine x5  
  101  6:41  Siege Tank, Supply Depot  
  101  6:42  Supply Depot  
  104  6:48  Siege Tank  
  107  6:57  Marine x2  
  107  6:58  Command Center  
  107  6:59  Armory  
  109  7:02  Marine x2  
  109  7:04  Medivac x2  
  109  7:07  Supply Depot  
  109  7:08  Marine x5  
  115  7:13  SCV x2  
  115  7:15  SCV, Marine x2  
  125  7:27  SCV, Supply Depot  
  125  7:28  SCV x2, Siege Tank, Marine x2  
  131  7:33  Supply Depot  
  131  7:35  Marine x2  
  133  7:48  Marine x5  
  133  7:49  Siege Tank  
  141  7:52  Marine  
  141  7:55  Medivac x2, Marine x3  
  148  8:03  Terran Infantry Weapons Level 2  
  148  8:04  Supply Depot x2  
  148  8:05  Siege Tank  
  151  8:06  Marine x5  
  151  8:09  Marine  
  151  8:11  Terran Infantry Armor Level 2  
  157  8:16  Marine x2  
  157  8:18  Barracks  
  157  8:19  Barracks  
  159  8:20  Barracks  
  159  8:21  Siege Tank  
  159  8:25  Medivac  
  159  8:26  Marine x2  
  166  8:30  Terran Vehicle Weapons Level 1  
  166  8:35  SCV x3  
  166  8:37  Siege Tank, Planetary Fortress  
  172  8:47  SCV x3  
  175  8:53  Siege Tank  
  156  9:04  Marine x9  
  156  9:08  Barracks Tech Lab  
  156  9:09  Siege Tank  
  170  9:12  Barracks Tech Lab x2  
  170  9:16  Command Center  
  168  9:22  Marine x4  
  168  9:23  Marine x2  
  174  9:25  Siege Tank  
  174  9:29  Marine x2  
  174  9:31  Marine x2  
  175  9:37  Medivac x2  
  179  9:41  Siege Tank  
  179  9:43  Marine x3  
  179  9:44  Concussive Shells, Marauder x2  
  188  9:48  Marine x3  
  188  9:49  Marauder x2  
  185  9:53  Ghost Academy  
  185  9:54  Marine  
  185  9:57  Siege Tank  
  178  10:04  Refinery  
  178  10:05  Refinery, Marauder  
  178  10:10  Marauder  
  178  10:11  Marauder x2  
  178  10:13  Siege Tank  
  187  10:16  Marine x3  
  187  10:19  Drilling Claws  
  187  10:20  Sensor Tower  
  188  10:26  Marauder  
  188  10:27  Command Center  
  190  10:29  Siege Tank, Command Center  
  190  10:31  Marauder  
  190  10:32  Marauder x2  
  192  10:37  Medivac  
  192  10:40  Medivac  
  175  10:48  Marauder  
  177  10:53  Marauder x2  
  177  10:54  Marauder  
  177  10:56  Widow Mine  
  185  10:58  Command Center  
  185  11:02  Widow Mine  
  186  11:04  Terran Infantry Weapons Level 3  
  186  11:07  Medivac  
  186  11:10  Medivac  
  172  11:12  Marauder  
  172  11:14  Marauder  
  172  11:15  Marauder x2  
  172  11:17  Widow Mine, Marine  
  182  11:19  Marine x2  
  182  11:21  Planetary Fortress  
  182  11:23  Widow Mine  
  186  11:31  SCV x2  
  188  11:33  Marauder  
  188  11:35  Marauder  
  188  11:37  Medivac  
  188  11:38  Siege Tank  
  196  11:40  Marauder x2  
  196  11:44  Siege Tank  
  196  11:45  Orbital Command  
  199  11:50  Sensor Tower  
  199  11:54  Command Center  
  199  11:56  Command Center  
  199  11:59  Terran Vehicle And Ship Armor Level 1, Terran Infantry Armor Level 3  
  196  12:04  Marauder  
  196  12:07  Marauder  
  177  12:09  Marauder  
  177  12:10  Siege Tank  
  177  12:12  Marauder  
  177  12:13  Marine x3  
  177  12:14  Marine x4  
  175  12:16  Orbital Command  
  175  12:19  Marine  
  175  12:21  Medivac x2  
  175  12:22  SCV x2  
  156  12:25  SCV  
  156  12:26  Marauder  
  156  12:27  SCV  
  156  12:28  Marauder  
  163  12:30  Marauder  
  163  12:32  Orbital Command  
  163  12:34  SCV  
  165  12:37  Orbital Command  
  165  12:40  SCV  
  165  12:42  SCV x2  
  168  12:47  SCV  
  168  12:50  SCV  
  170  12:51  Medivac x2  
  170  12:54  Widow Mine x2, SCV x2  
  170  12:57  SCV  
  181  12:59  SCV  
  181  13:00  SCV  
  181  13:01  Ghost  
  185  13:06  Ghost x2  
  185  13:10  Marine  
  178  13:13  Marine x3  
  178  13:14  Marine x2  
  178  13:15  Widow Mine, Ghost  
  180  13:20  Widow Mine  
  180  13:21  Medivac  
  180  13:26  Factory  
  180  13:27  SCV x2  
  185  13:29  Orbital Command  
  185  13:30  SCV, Sensor Tower  
  185  13:32  Orbital Command  
  186  13:37  Cyclone, Liberator  
  186  13:39  Ghost  
  193  13:42  Ghost  
  195  13:51  Liberator  
  195  13:52  Ghost  
  195  13:53  Command Center  
  195  13:55  Refinery x2  
  200  14:10  Factory Tech Lab  
  200  14:13  Sensor Tower  
  200  14:16  Missile Turret, Terran Vehicle And Ship Armor Level 2  
  200  14:17  Missile Turret  
  200  14:20  Missile Turret  
  200  14:27  Starport x2  
  200  14:28  Fusion Core  
  200  14:30  Ghost x2  
  197  14:38  Personal Cloaking  
  197  14:44  Command Center  
  195  14:49  Widow Mine x2  
  184  15:14  Marauder x2, Marine x5  
  184  15:15  Widow Mine x2  
  184  15:16  Widow Mine  
  184  15:17  Marauder  
  184  15:19  Marauder  
  184  15:21  Liberator x2  
  153  15:32  Marine x3  
  153  15:34  Marine x2  
  136  15:35  Marauder  
  136  15:36  Marauder  
  136  15:37  Marine x2  
  136  15:38  Marauder  
  136  15:42  Siege Tank x2  
  144  15:44  Planetary Fortress  
  144  15:54  Factory Reactor  
  142  16:00  Marauder x3  
  142  16:03  Liberator, Marauder  
  142  16:04  Liberator  
  156  16:05  SCV x3  
  156  16:08  SCV  
  160  16:14  Widow Mine x2  
  164  16:20  Ghost  
  164  16:21  Liberator, Marauder, Advanced Ballistics  
  164  16:22  Liberator  
  174  16:32  Orbital Command  
  174  16:35  Siege Tank  
  174  16:36  Siege Tank  
  174  16:38  Orbital Command  
  174  16:39  Ghost  
  182  16:40  Ghost  
  182  16:42  Ghost, Command Center  
  186  16:50  Liberator  
  189  16:55  Orbital Command  
  189  16:57  Orbital Command  
  189  16:59  Liberator  
  192  17:08  Siege Tank  
  195  17:11  Missile Turret  
  195  17:12  Missile Turret  
  195  17:18  Orbital Command  
  192  17:35  Orbital Command  
  192  17:36  Sensor Tower  
  181  17:37  Refinery  
  181  17:38  Ghost  
  181  17:39  Liberator x2  
  181  17:42  Liberator, Refinery  
  176  17:50  SCV  
  176  17:51  SCV x3  
  180  17:54  SCV x2  
  182  18:01  Factory Tech Lab  
  182  18:02  SCV x2  
  182  18:05  SCV x2  
  186  18:09  SCV x2  
  188  18:22  Planetary Fortress  
  188  18:29  Siege Tank  
  191  18:37  Ghost  
  193  18:44  Marauder  
  193  18:45  SCV  
  192  18:49  SCV  
  192  18:51  SCV  
  183  19:07  Missile Turret  
  183  19:10  Siege Tank x2, Missile Turret  
  186  19:17  Marauder  
  186  19:18  Marine, Marauder  
  167  19:24  SCV x2  
  167  19:25  SCV  
  167  19:26  SCV x2  
  167  19:27  SCV  
  167  19:30  Siege Tank  
  173  19:42  Siege Tank x2  
  173  19:43  Marauder x3  
  173  19:44  Marauder  
  187  19:54  Missile Turret  
  187  20:02  Siege Tank  
  187  20:04  Ghost, Command Center, Marauder  
  187  20:05  Marauder  
  193  20:14  Siege Tank  
  193  20:17  Marauder  
  193  20:19  Marine  
  174  20:22  Siege Tank, Marine x3  
  174  20:26  Marauder x2  
  175  20:28  Liberator  
  175  20:29  Marine  
  175  20:32  Ghost  
  176  20:37  Ghost, Marine x2  
  176  20:43  Marine x2  
  176  20:44  Marine  
  176  20:46  Ghost x2  
  176  20:48  Orbital Command  
  177  20:50  Marine x2  
  177  20:51  Marine  
  177  20:55  Marine x2  
  182  21:01  Ghost  
  184  21:05  Missile Turret x2  
  184  21:06  Ghost  
  184  21:09  Missile Turret  
  186  21:15  Ghost  
  186  21:16  Marauder  
  190  21:21  Medivac  
  192  21:29  Ghost  
  192  21:30  Marine x2  
  192  21:31  Orbital Command  
  196  21:34  Ghost  
  196  21:37  Marauder  
  182  21:44  Marauder, Marine x2  
  160  21:47  Marine x2  
  160  21:51  SCV x3  
  160  21:52  SCV x2  
  164  22:03  SCV x3  
  164  22:04  SCV x2  
  164  22:07  Orbital Command  
  168  22:10  Widow Mine  
  168  22:11  Widow Mine  
  172  22:15  SCV  
  172  22:18  Planetary Fortress  
  172  22:20  SCV  
  172  22:21  SCV  
  173  22:26  Marine x3  
  173  22:27  Marine  
  177  22:34  SCV  
  177  22:35  SCV x4  
  177  22:37  Orbital Command  
  180  22:38  SCV  
  181  22:45  Medivac, Orbital Command  
  181  22:46  Sensor Tower  
  181  22:47  SCV  
  185  22:52  Refinery  
  185  22:53  Refinery, Marine x3  
  185  22:54  Marine  
  185  22:57  Marine x2  
  190  23:03  Marine x3  
  190  23:05  Widow Mine  
  195  23:06  Widow Mine  
  195  23:09  Widow Mine  
  199  23:15  Missile Turret  
  192  23:43  Caduceus Reactor  
  192  23:45  Command Center  
  192  23:48  Medivac  
  193  23:50  Starport Reactor  
  193  23:51  Starport Reactor  
  193  23:55  Liberator  
  196  24:14  Missile Turret  
  196  24:15  Orbital Command, Missile Turret  
  196  24:16  SCV x2  
  198  24:17  SCV x2  
Show
View Real Time Build Order
Export as new Build Order

Lambo Zerg 

Build Orders: Hatch First 

Get SALT Encoding   

  12  0:00  Drone  
  13  0:12  Overlord  
  13  0:17  Drone  
  14  0:30  Drone x2  
  16  0:47  Hatchery  
  15  0:50  Drone  
  15  0:55  Drone  
  17  0:58  Drone  
  18  1:09  Extractor  
  17  1:13  Spawning Pool  
  17  1:16  Drone  
  17  1:19  Drone  
  18  1:28  Drone  
  19  1:39  Drone  
  20  1:50  Drone  
  21  1:59  Queen x2  
  21  2:00  Zergling x4  
  27  2:09  Drone  
  27  2:11  Overlord  
  28  2:19  Hatchery  
  28  2:22  Drone  
  28  2:33  Extractor  
  28  2:34  Drone x3  
  31  2:39  Queen  
  31  2:43  Overlord  
  33  2:46  Drone  
  33  2:50  Metabolic Boost  
  34  2:56  Drone x2  
  36  3:02  Queen  
  38  3:09  Drone x4  
  42  3:13  Drone  
  42  3:14  Drone  
  42  3:19  Overlord  
  44  3:26  Overlord  
  44  3:31  Queen  
  44  3:32  Drone  
  47  3:37  Queen  
  49  3:41  Queen  
  49  3:42  Drone  
  49  3:44  Drone  
  49  3:45  Drone  
  56  3:48  Drone x2  
  56  3:51  Overlord  
  56  3:54  Drone x2  
  58  3:56  Drone  
  58  3:59  Zergling x2  
  58  4:01  Overlord  
  60  4:04  Zergling x4  
  60  4:09  Roach Warren  
  61  4:11  Drone x2  
  61  4:13  Drone  
  61  4:17  Drone x2  
  66  4:19  Drone  
  66  4:21  Evolution Chamber  
  65  4:28  Drone x2  
  65  4:29  Drone x3  
  66  4:37  Drone  
  67  4:38  Drone  
  67  4:40  Drone  
  67  4:45  Drone x3  
  72  4:47  Lair  
  72  4:48  Drone x2, Extractor  
  72  4:49  Drone, Extractor  
  72  4:50  Zerg Ground Armor Level 1  
  73  4:55  Overlord  
  73  4:57  Overlord  
  73  5:05  Extractor  
  73  5:06  Drone  
  73  5:07  Overlord  
  73  5:13  Overlord  
  73  5:18  Roach x2, Hatchery  
  73  5:19  Roach, Drone x4  
  82  5:22  Drone x3  
  82  5:24  Drone  
  82  5:25  Drone x2  
  88  5:29  Drone  
  88  5:32  Drone  
  88  5:33  Drone  
  91  5:36  Extractor  
  91  5:39  Extractor  
  91  5:41  Drone x4  
  91  5:42  Drone  
  94  5:43  Drone x2  
  96  5:55  Drone x4  
  94  6:03  Evolution Chamber, Glial Reconstitution  
  93  6:07  Drone x5  
  93  6:08  Infestation Pit  
  93  6:10  Baneling Nest  
  93  6:11  Drone x3  
  99  6:14  Roach x3  
  99  6:15  Drone  
  106  6:19  Overlord  
  106  6:20  Overseer  
  105  6:30  Drone  
  105  6:31  Roach, Zerg Missile Weapons Level 1  
  105  6:32  Roach, Overlord  
  110  6:33  Overlord  
  110  6:34  Overlord  
  110  6:35  Overlord  
  110  6:37  Overlord, Extractor  
  110  6:38  Overlord  
  110  6:39  Overlord  
  109  6:40  Roach x5  
  119  6:48  Hive  
  119  6:51  Drone x6  
  119  6:53  Drone  
  126  6:55  Centrifugal Hooks  
  126  6:56  Drone  
  126  6:59  Drone x3  
  130  7:02  Spire  
  130  7:05  Extractor  
  130  7:06  Zergling x10  
  134  7:11  Zerg Ground Armor Level 2  
  134  7:16  Drone x6  
  134  7:22  Spore Crawler  
  140  7:23  Zergling x8  
  144  7:32  Zergling x18  
  153  7:38  Zergling x10  
  153  7:40  Spine Crawler, Spore Crawler, Hatchery  
  154  7:51  Zergling x14  
  154  7:56  Zergling x14, Spore Crawler  
  166  7:59  Overlord  
  166  8:02  Overlord  
  166  8:03  Overlord  
  166  8:09  Adrenal Glands  
  166  8:12  Ultralisk Cavern  
  165  8:15  Baneling x10  
  165  8:20  Viper  
  165  8:21  Viper x2  
  165  8:22  Zergling x12  
  165  8:24  Baneling x9  
  165  8:25  Zerg Melee Weapons Level 1  
  180  8:31  Zergling x8  
  180  8:32  Zergling x2  
  180  8:33  Zergling x2  
  183  8:40  Zergling x6  
  183  8:45  Overlord  
  183  8:47  Overlord, Baneling x9  
  183  8:48  Overlord  
  183  8:50  Hatchery  
  183  8:54  Zergling x18  
  177  9:00  Zergling x6  
  158  9:03  Chitinous Plating  
  158  9:07  Ultralisk x2  
  158  9:08  Zergling x10  
  173  9:12  Ravager  
  173  9:16  Zergling x16  
  182  9:21  Zergling x2  
  182  9:22  Zergling x2  
  172  9:30  Ultralisk  
  174  9:31  Zergling x2  
  174  9:32  Zergling x14  
  174  9:36  Zergling x2  
  183  9:39  Zergling x2, Baneling x7  
  183  9:42  Zergling x14  
  177  9:53  Zergling x14  
  177  9:59  Ultralisk  
  179  10:11  Zergling x20  
  179  10:12  Baneling x6, Hatchery  
  179  10:13  Baneling x11  
  188  10:20  Baneling x5  
  188  10:21  Zergling x8  
  191  10:22  Anabolic Synthesis  
  191  10:23  Zergling x2  
  192  10:34  Zergling x10  
  188  10:41  Ultralisk  
  188  10:42  Zergling x8, Ultralisk  
  188  10:49  Ravager x2  
  189  10:55  Zergling x2  
  189  10:56  Zergling x2, Overlord  
  191  11:03  Zergling x8  
  190  11:10  Zergling x2  
  190  11:11  Zergling x12  
  191  11:13  Zerg Melee Weapons Level 2, Zerg Ground Armor Level 3  
  189  11:19  Hatchery  
  187  11:28  Zergling x24, Extractor  
  187  11:29  Baneling x11  
  187  11:30  Spore Crawler  
  194  11:40  Zergling x12  
  194  11:46  Hatchery  
  199  11:48  Zergling x2  
  191  12:02  Zergling x32  
  191  12:06  Zergling x4  
  178  12:11  Ultralisk x3  
  180  12:18  Zergling x12  
  159  12:23  Ultralisk  
  159  12:26  Zergling x10  
  154  12:35  Zergling x10  
  159  12:37  Spore Crawler  
  159  12:38  Zergling x2  
  159  12:41  Zergling x4  
  161  12:45  Zergling x4  
  161  12:50  Ultralisk x2  
  173  12:55  Zergling x12  
  178  13:05  Hatchery  
  177  13:06  Zergling x10  
  177  13:11  Zergling x2  
  171  13:15  Infestor  
  171  13:16  Infestor  
  171  13:18  Zergling x4  
  172  13:24  Zergling x10  
  172  13:25  Baneling x14  
  177  13:28  Zergling x4  
  177  13:30  Queen  
  177  13:31  Queen  
  177  13:34  Hatchery  
  182  13:35  Zergling x6  
  185  13:43  Zergling x8  
  189  13:51  Zergling x12  
  189  13:52  Baneling x6  
  189  13:53  Baneling x6  
  189  13:54  Overseer x2  
  195  13:55  Zerg Melee Weapons Level 3  
  195  13:56  Overseer  
  195  13:58  Burrow  
  195  13:59  Zergling x4  
  195  14:01  Overlord  
  195  14:02  Extractor  
  196  14:03  Zergling x6  
  196  14:04  Overseer  
  199  14:12  Zergling x2  
  200  14:17  Pneumatized Carapace  
  200  14:27  Zergling x6  
  198  14:36  Zergling x6  
  199  14:48  Zergling x12  
  199  14:50  Baneling x7  
  199  14:56  Zergling x2, Hatchery  
  195  15:12  Zergling x22  
  197  15:20  Zergling x28  
  197  15:25  Zergling x4  
  177  15:33  Ultralisk x3, Hatchery  
  184  15:37  Infestor x2  
  184  15:39  Zergling x8  
  189  15:48  Spire  
  188  15:54  Zergling x6  
  191  15:58  Overseer  
  191  16:01  Infestor  
  191  16:02  Hatchery  
  192  16:05  Baneling  
  192  16:06  Baneling x12  
  192  16:07  Drone  
  193  16:21  Infestor  
  195  16:26  Zergling x8  
  199  16:52  Spore Crawler  
  198  16:54  Baneling x9  
  198  16:55  Baneling x6  
  198  17:08  Zergling x2  
  199  17:20  Zerg Flyer Weapons Level 1  
  197  17:25  Zergling x4  
  190  17:31  Zergling x32  
  190  17:32  Zergling x2  
  185  17:38  Zergling x12  
  175  17:46  Corruptor x6  
  186  17:55  Corruptor x4  
  186  17:57  Baneling x11  
  194  17:59  Overseer  
  194  18:00  Overseer  
  194  18:02  Corruptor x2  
  198  18:06  Zergling x4  
  198  18:08  Baneling x18, Hatchery  
  198  18:10  Zergling x2  
  200  18:25  Overseer  
  198  18:41  Zergling x22  
  197  18:54  Spore Crawler  
  194  19:06  Zergling x2  
  194  19:07  Zergling x8  
  199  19:14  Zergling x2  
  199  19:15  Zergling x24  
  188  19:22  Zergling x22  
  157  19:27  Infestor  
  157  19:29  Zergling x6  
  162  19:37  Ultralisk x2  
  162  19:38  Baneling x17  
  174  19:39  Zergling x6  
  174  19:41  Infestor x2  
  174  19:43  Zergling x10  
  174  19:45  Baneling x7  
  181  19:49  Zergling x4  
  181  19:50  Baneling x13  
  183  19:53  Ultralisk  
  183  19:58  Zergling x2  
  183  19:59  Zergling x4  
  192  20:03  Baneling  
  191  20:09  Zergling x8  
  160  20:22  Zergling x24  
  165  20:33  Zergling x10  
  169  20:38  Infestor  
  171  20:45  Zergling x12  
  171  20:48  Zergling x4  
  168  20:50  Infestor  
  168  20:53  Greater Spire, Hatchery  
  168  20:56  Zergling x4  
  169  21:00  Zergling x6  
  172  21:07  Zergling x12  
  172  21:08  Baneling x3  
  178  21:15  Spore Crawler  
  178  21:17  Infestor  
  179  21:20  Zergling x14  
  184  21:38  Zergling x16  
  151  21:49  Zergling x8  
  145  21:55  Zergling x4  
  145  22:08  Ultralisk  
  148  22:16  Zergling x10  
  153  22:25  Zergling x12  
  145  22:40  Extractor  
  145  22:41  Extractor  
  143  22:50  Extractor  
  143  22:51  Brood Lord x2, Extractor  
  146  22:55  Queen x2  
  146  22:57  Hatchery  
  148  23:00  Overseer  
  148  23:10  Extractor x2  
  146  23:18  Queen  
  146  23:19  Queen  
  150  23:24  Zergling x16  
  147  23:28  Brood Lord  
  139  23:52  Brood Lord  
  136  24:14  Zergling x24  
  147  24:26  Brood Lord  
  147  24:33  Zergling x20  
  147  24:44  Zergling x12  
Tags
 
Add a new tag
Caveats
  • Supply blocks, unpowered buildings, or Contaminate may cause inaccurate times.
  • Supply counts are checked every 10 seconds.